 Dungeon Crawl Stone Soup version 0.29-a0-355-g7276a9ff7f (webtiles) character file.

Game seed: 5515196689891238036

91 Flugkiller the Sneak (level 4, -2/31 HPs)
             Began as an Octopode Cinder Acolyte on Apr 25, 2022.
             Was a High Priest of Ignis.
             Slain by Terence
             ... wielding a +0 mace
              (5 damage)
             ... on level 2 of the Dungeon.
             The game lasted 00:01:01 (1191 turns).

Flugkiller the Sneak (Octopode Cinder Acolyte)      Turns: 1191, Time: 00:01:02

Health: -2/31      AC:  1    Str: 13    XL:     4   Next: 59%
Magic:  1/5        EV: 13    Int: 16    God:    Ignis [*****.]
Gold:   97         SH:  0    Dex:  9    Spells: 3/5 levels left

rFire   + . .      SeeInvis .   a - -1 spear (flame)
rCold   . . .      Faith    .   (no shield)
rNeg    . . .      Spirit   .   (helmet restricted)
rPois   .          Reflect  .   (no amulet)
rElec   .          Harm     .   f - ring of wizardry
rCorr   .          Rampage  .   (no ring)
Will    .....                   (no ring)
Stlth   +++.......              (no ring)
HPRegen 0.10/turn               (no ring)
MPRegen 0.09/turn               (no ring)
                                (no ring)
                                (no ring)

@: no status effects
A: almost no armour, amphibious, 8 rings, camouflage 1, gelatinous body 1,
(nimble swimmer 1), tentacles
a: Renounce Religion, Fiery Armour, Foxfire Swarm, Rising Flame


You were on level 2 of the Dungeon.
You worshipped Ignis.
Ignis was extremely pleased with you.
You visited 1 branch of the dungeon, and saw 2 of its levels.

You collected 97 gold pieces.

Inventory:

Hand Weapons
 a - a -1 spear of flaming (weapon)
Jewellery
 f - a ring of wizardry (left tentacle)
   (You found it on level 1 of the Dungeon)
 k - a ring of flight
   (You found it on level 1 of the Dungeon)
 o - an amulet of faith
   (You found it on level 2 of the Dungeon)
Scrolls
 b - a scroll of enchant weapon {unknown}
 e - a scroll of summoning {unknown}
 h - 2 scrolls of identify {unknown}
 j - a scroll of enchant armour {unknown}
 m - 3 scrolls of blinking {unknown}
 n - 3 scrolls of fog {unknown}
Potions
 c - a potion of heal wounds {unknown}
 d - a potion of degeneration {unknown}
 g - a potion of invisibility {unknown}
 i - a potion of lignification {unknown}
 l - a potion of ambrosia {unknown}


   Skills:
 - Level 3.0 Fighting
 - Level 3.0 Polearms
 + Level 2.7 Dodging
 + Level 4.0 Stealth
 - Level 1.0 Spellcasting
 - Level 3.0 Fire Magic


You had 3 spell levels left.
You knew the following spells:

 Your Spells              Type           Power      Damage    Failure   Level
a - Scorch                Fire           20%        2d6       4%          2

Your spell library contained the following spells:

 Spells                   Type           Power      Damage    Failure   Level


Dungeon Overview and Level Annotations

Branches:
Dungeon (2/15)

Altars:
Kikubaaqudgha

Annotations:
D:2 Terence


Innate Abilities, Weirdness & Mutations

You cannot wear most types of armour.
You are amphibious.
You can wear up to eight rings at the same time.
Your skin changes colour to match your surroundings (Stealth+).
Your rubbery body absorbs attacks. (AC +1, EV +1)
((You are camouflaged when in or above water. (Stealth+)))
You have tentacles for arms and can constrict up to eight enemies at once.


Message History

There is a stone staircase leading up here.
An adder comes into view.
An adder is nearby!
You reach to attack!
The helpless adder fails to defend itself.
You hit the adder. You burn the adder.
The adder is heavily wounded.
You miss the adder. Your grab misses the adder. Your squeeze misses the adder.
The adder is heavily wounded.
The adder misses you.
You closely miss the adder. Your grab misses the adder.
Your squeeze misses the adder.
The adder is moderately wounded.
The adder barely misses you.
You closely miss the adder. Your grab misses the adder.
Your squeeze misses the adder.
The adder is moderately wounded.
The adder bites you. The adder closely misses you.
You barely miss the adder. Your grab misses the adder.
The adder is moderately wounded.
The adder closely misses you.
You hit the adder. You burn the adder. Your grab misses the adder.
The adder is severely wounded.
The adder bites you.
You hit the adder. You burn the adder.
You kill the adder!
No target in view!
No target in view!
No target in view!
A worm comes into view.
A worm is nearby!
A worm is nearby!
Terence the Incautious comes into view.
He is wielding a +0 mace.
Found a plate armour.
An adder comes into view.
You reach to attack!
You hit the worm. You burn the worm.
The worm is moderately wounded.
You reach to attack!
You barely miss the worm.
The worm is moderately wounded.
The adder hisses angrily.
You hit the worm. You burn the worm. You grab the worm.
The worm is heavily wounded.
You constrict the worm.
A rat comes into view.
You hit the worm. You burn the worm. You squeeze the worm!
You kill the worm!
You miss the adder. You grab the adder. You constrict the adder.
The adder closely misses you. The adder barely misses you.
You hit the adder but do no damage. Your squeeze misses the adder.
The adder is lightly wounded.
You constrict the adder. The adder bites you but does no damage.
You hit the adder but do no damage.
The adder is heavily wounded.
You constrict the adder. The adder bites you.
You barely miss the adder. Your squeeze misses the adder.
The adder is severely wounded.
You constrict the adder.
You kill the adder!
Your Stealth skill increases to level 4!
You hit the rat. You burn the rat.
You kill the rat!
No target in view!
You see here a worm corpse.
Terence shouts!
You hear a bark!
Casting: Scorch (safe; 4% risk of failure)
Confirm with . or Enter, or press ? or * to list all spells.
Flames lash Terence.
Terence is lightly wounded.
Terence's fire resistance burns away.
Casting: Scorch (safe; 4% risk of failure)
Confirm with . or Enter, or press ? or * to list all spells.
Flames lash Terence.
Terence is moderately wounded.
You hear a bark!
A jackal comes into view.
Terence hits you with a +0 mace.
You hit Terence. You burn Terence. You grab Terence. You squeeze Terence.
Terence is heavily wounded.
You constrict Terence. You hit Terence but do no damage.
Terence is severely wounded.
You constrict Terence. Terence hits you with a +0 mace.
The jackal bites you but does no damage.
You hit Terence but do no damage.
Terence is severely wounded.
You constrict Terence, but do no damage.
Terence hits you with a +0 mace! The jackal closely misses you.
You are too injured to fight recklessly!
You hit Terence but do no damage.
Terence is severely wounded.
You constrict Terence. The jackal bites you.
* * * LOW HITPOINT WARNING * * *
Terence hits you with a +0 mace.
* * * LOW HITPOINT WARNING * * *
You release your grip on Terence.
Terence attacks as you move away! Terence barely misses you.
Found a stone staircase leading up.
Terence is no longer more vulnerable to fire.
The jackal misses you. Terence attacks as you move away!
Terence hits you with a +0 mace.
You die...

..# #.## ...# ...# ...#
###### #### ...#####.##.#
....#
.......#.##.#######.[...#
.........##...##...<....#
.........##...##@##.....#
.........##.##..h@......#
....##...##.##.#.##.#####
....#.........†..# #
....##...##.##.##......
#.#.###.###.##.......##
....##### #.##.........
......# #.###.#....##
...##.# #.. ....#.#


You could see Terence and a jackal.

Vanquished Creatures
  Jessica (D:2)
  A gnoll (D:2)
  2 adders (D:2)
  A worm (D:2)
  A dart slug (D:1)
  4 ball pythons (D:1)
  5 endoplasms
  3 giant cockroaches
  2 goblins
  3 hobgoblins
  3 bats
  2 frilled lizards (D:2)
  4 kobolds (D:1)
  2 rats
34 creatures vanquished.

Notes
Turn   | Place    | Note
-------+----------+-------------------------------------------
     0 | D:1      | Flugkiller the Octopode Cinder Acolyte began the quest for
                  | the Orb.
     0 | D:1      | Reached XP level 1. HP: 16/16 MP: 2/2
   103 | D:1      | Reached skill level 1 in Stealth
   131 | D:1      | Reached skill level 1 in Dodging
   131 | D:1      | Reached XP level 2. HP: 21/21 MP: 3/3
   232 | D:1      | Learned a level 2 spell: Scorch
   316 | D:1      | Reached skill level 2 in Stealth
   506 | D:1      | Found an ancient bone altar of Kikubaaqudgha.
   656 | D:2      | Reached XP level 3. HP: 23/26 MP: 4/4
   694 | D:2      | Noticed Jessica
   697 | D:2      | Killed Jessica
   698 | D:2      | Reached skill level 3 in Stealth
   773 | D:2      | Reached XP level 4. HP: 30/31 MP: 5/5
  1168 | D:2      | Noticed Terence
  1179 | D:2      | Reached skill level 4 in Stealth
  1191 | D:2      | Slain by Terence

Illustrated notes

Levels and vault maps discovered:
D:1:      dpeg_arrival_solitude, layout_basic, kennysheep_flooded_box,
          corexii_leaking_fountain, minmay_pentomino_q4
D:2:      minmay_chambers_of_ones, layout_loops_cross, minmay_tripent,
          uniq_crazy_yiuf_cottage, uniq_terence, uniq_jessica

Skill      XL: |  1  2  3  4 |
---------------+-------------+-----
Stealth        | 1 2 3 4 |  4.0
Dodging        | 1 2 |  2.7
Fighting       | |  3.0
Polearms       | |  3.0
Spellcasting   | |  1.0
Fire Magic     | |  3.0

Action                   |  1- 3 |  4- 6 || total
-------------------------+-------+-------++-------
Melee: Spear             |    58 |    26 ||    84
       Constrict         |     6 |     4 ||    10
       Tentacles         |     4 |     3 ||     7
 Cast: Scorch            |       |     3 ||     3
 Stab: Sleeping          |    13 |     3 ||    16
Armor: Skin              |     3 |     2 ||     5
Dodge: Dodged            |    17 |    10 ||    27

Table legend: (Time is in decaauts)
 A = Elapsed time spent in this place.
 B = Non-inter-level travel time spent in this place.
 C = Inter-level travel time spent in this place.
 D = Time resting spent in this place.
 E = Time spent auto-exploring this place.
 F = Levels seen in this place.
 G = Mean time per level.
                   A        B        C        D        E       F      G
               +--------+--------+--------+--------+--------+-----+--------+
         Total |   1186 |   1171 |     15 |     21 |    923 |   2 |  593.0 |
       Dungeon |   1186 |   1171 |     15 |     21 |    923 |   2 |  593.0 |
               +--------+--------+--------+--------+--------+-----+--------+

Top non-repeatable levels by time:
     D:1: 615 daAuts
     D:2: 571 daAuts
